 Dungeon Crawl Stone Soup version 0.29.0-4-gdea44cf6ec (webtiles) character file.

Game seed: 12578879953958204198

207 qw the Chopper (level 5, -1/30 HPs)
             Began as a Tengu Warper on Aug 29, 2022.
             Succumbed to Sigmund's poison
             ... on level 3 of the Dungeon.
             The game lasted 00:00:44 (2388 turns).

qw the Chopper (Tengu Warper)                       Turns: 2388, Time: 00:00:45

Health: -1/30      AC:  8    Str: 13    XL:     5   Next: 85%
Magic:  18/18      EV: 13    Int: 13    God:
Gold:   116        SH:  0    Dex: 18    Spells: 8/8 levels left

rFire   . . .      SeeInvis .   Y - +0 war axe (freeze)
rCold   . . .      Faith    .   (no shield)
rNeg    . . .      Spirit   .   i - +0 ring mail
rPois   .          Reflect  .   (helmet restricted)
rElec   .          Harm     .   k - +1 cloak "Folleo" {Drain MP+9 Dex+4 Slay+3}
rCorr   .          Rampage  .   n - +0 pair of gloves
Will    .....                   (boots unavailable)
Stlth   +.........              (no amulet)
HPRegen 0.10/turn               (no ring)
MPRegen 0.16/turn               (no ring)

@: lethally poisoned (-1 -> -10), flying quickly and evasively, quick
A: beak, talons 3, nimble flight
a: no special abilities


You were on level 3 of the Dungeon.
You visited 1 branch of the dungeon, and saw 3 of its levels.

You collected 176 gold pieces.
You spent 60 gold pieces at shops.


Innate Abilities, Weirdness & Mutations

You have a beak for a mouth.
You have claws for feet.
Your magical nature lets you fly swiftly and evasively.


   Skills:
 - Level 2.0 Fighting
 + Level 6.4 Axes
 - Level 1.0 Throwing
 - Level 1.1 Armour
 - Level 2.1 Dodging
 - Level 2.0 Spellcasting
 - Level 2.4 Translocations


You had 8 spell levels left.
You didn't know any spells.
Your spell library contained the following spells:

 Spells                   Type           Power      Damage    Failure   Level
 Blink                    Tloc           14%        N/A       30%         2
 Gell's Gravitas          Tloc           7%         N/A       52%         3
 Lesser Beckoning         Tloc           7%         N/A       52%         3
 Teleport Other           Tloc           7%         N/A       52%         3
 Manifold Assault         Tloc           7%         N/A       99%         5

Inventory:

Hand Weapons
 a - a +2 whip of venom
 Y - a +0 war axe of freezing (weapon)
Missiles
 d - 7 boomerangs of dispersal
 e - a javelin (quivered)
Armour
 i - a +0 ring mail (worn)
 k - the +1 cloak "Folleo" (worn) {Drain MP+9 Dex+4 Slay+3}
   (You acquired it on level 2 of the Dungeon)

   Dex:       It affects your dexterity (+4).
   Slay:      It affects your accuracy & damage with ranged weapons and melee
   (+3).
   MP:        It affects your magic capacity (+9).
   Drain:     It drains your maximum health when unequipped.
 n - a +0 pair of gloves (worn)
Scrolls
 c - a scroll of identify
Potions
 b - a potion of curing {unknown}
 f - a potion of might {unknown}
 h - 2 potions of heal wounds {unknown}
 j - a potion of cancellation {unknown}
 p - a potion of berserk rage {unknown}

Dungeon Overview and Level Annotations

Branches:
Dungeon (3/15)

Altars:

Shops:
D:2 (*=*


Message History

Sigmund casts a spell at you.
You are confused.
Enter note: A bat comes into view.
The bat moves out of view.
You bump into the rock wall.
Sigmund says, "Now you see me, now you don't..."
Sigmund hits you from afar with a +1 scythe of venom.
You are poisoned.
You feel very sick.
You bump into the rock wall.
You feel sick.
Sigmund says, "Your kind have come here before.
I understand now why.
You desire death..."
Sigmund completely misses you.
You bump into the rock wall.
You feel sick. Sigmund closely misses you.
You bump into the rock wall.
You feel less confused.
You feel sick.
You hit Sigmund. You freeze Sigmund. You punch Sigmund.
Sigmund is heavily wounded.
You feel sick.
Sigmund hits you with a +1 scythe of venom.
You are lethally poisoned!
You barely miss Sigmund. You claw Sigmund.
Sigmund is severely wounded.
You feel very sick.
Sigmund hits you with a +1 scythe of venom.
You slash Sigmund! You freeze Sigmund.
You kill Sigmund!
You feel very sick. The bat barely misses you.
Your Axes skill gained 2 levels and is now at level 6!
You have reached level 5!
Your magical nature develops, letting you fly swiftly and evasively.
Throw: 2 javelins
Press: ? - help, Q - select action, (/) - cycle Shift-Dir - straight line, f - bat You throw a javelin.
The javelin pierces through the bat.
The bat is severely wounded.
You die...

.##.# .##.#
### .##.#####
.(. ........#
#.#
###.###....
... ###.# ##.
#b# ....# #.
#.# ##### #.
#)# # #.# #@#
#.# #.#
#.####.#
#......####
#............
#..#######...
#..# .
###########..#
.............#


You could see a bat.

Vanquished Creatures
  Sigmund (D:3)
  A worm (D:2)
  3 dart slugs
  5 endoplasms
  4 giant cockroaches
  5 hobgoblins
  2 jackals (D:2)
  7 kobolds
  2 quokkas
  2 ball pythons
  4 bats
  2 frilled lizards (D:2)
  2 goblins
  4 rats
44 creatures vanquished.

Notes
Turn   | Place    | Note
-------+----------+-------------------------------------------
     0 | D:1      | qw the Tengu Warper began the quest for the Orb.
     0 | D:1      | Reached XP level 1. HP: 12/12 MP: 4/4
     0 | D:1      | 0 ||| qw: Version: 0.1-a-89-g26bdef1
     0 | D:1      | 0 ||| qw: Game counter: 3562
     0 | D:1      | 0 ||| qw: Always use a shield: true
     0 | D:1      | 0 ||| qw: God list: Okawaru
     0 | D:1      | 0 ||| qw: Allow faded altars: false
     0 | D:1      | 0 ||| qw: Do Orc after D:15 true
     0 | D:1      | 0 ||| qw: Do second Lair branch before Depths: true
     0 | D:1      | 0 ||| qw: Lair rune preference: random
     0 | D:1      | 0 ||| qw: Plans: Normal
     0 | D:1      | 0 ||| PLANNING D:1-11
   235 | D:1      | 235 ||| Stepping ~*~*~tactically~*~*~ (stealth).
   237 | D:1      | 237 ||| Stepping ~*~*~tactically~*~*~ (stealth).
   241 | D:1      | HP: 3/12 [kobold/+0 dagger (3)]
   251 | D:1      | Reached XP level 2. HP: 5/17 MP: 6/6
   254 | D:1      | Reached skill level 3 in Axes
   728 | D:1      | Found a faded altar of an unknown god.
  1063 | D:1      | 1063 ||| Stepping ~*~*~tactically~*~*~ (hiding).
  1068 | D:1      | Reached XP level 3. HP: 21/21 MP: 7/7
  1324 | D:1      | 1324 ||| UPGRADING to +0 ring mail.
  1334 | D:1      | 1334 ||| DROPPING +0 leather armour.
  1335 | D:1      | 1335 ||| READING scroll labelled XEGHUXT GADUS.
  1336 | D:1      | 1336 ||| READING scroll labelled FIORARPH OCWIOH.
  1337 | D:1      | 1337 ||| READING scroll labelled ZASIGR HIULAG.
  1338 | D:1      | 1338 ||| READING scroll labelled CIOPHYA PITRU.
  1339 | D:1      | 1339 ||| DROPPING scroll of blinking.
  1407 | D:2      | 1407 ||| Stepping ~*~*~tactically~*~*~ (stealth).
  1412 | D:2      | Reached skill level 4 in Axes
  1415 | D:2      | 1415 ||| Stepping ~*~*~tactically~*~*~ (stealth).
  1432 | D:2      | Found Gikkaros's Assorted Antiques.
  1446 | D:2      | 1446 ||| SHOPLISTING bone ring (110 gold, have 78).
  1446 | D:2      | 1446 ||| BUYING clear potion (19 gold).
  1446 | D:2      | Bought a clear potion for 19 gold pieces
  1446 | D:2      | 1446 ||| SHOPLISTING large pearl ring (110 gold, have 59).
  1446 | D:2      | 1446 ||| SHOPLISTING runed iron ring (110 gold, have 59).
  1446 | D:2      | 1446 ||| BUYING scroll labelled NEEN XILIT (22 gold).
  1446 | D:2      | Bought a scroll labelled NEEN XILIT for 22 gold pieces
  1446 | D:2      | 1446 ||| SHOPLISTING scroll of identify (44 gold, have 37).
  1472 | D:2      | 1472 ||| Stepping ~*~*~tactically~*~*~ (stealth).
  1564 | D:2      | Found Ahaequf's Assorted Antiques.
  1576 | D:2      | 1576 ||| SHOPLISTING large pearl ring (95 gold, have 48).
  1576 | D:2      | 1576 ||| SHOPLISTING pair of runed gloves (142 gold, have
                  | 48).
  1576 | D:2      | 1576 ||| SHOPLISTING scale mail (76 gold, have 48).
  1576 | D:2      | 1576 ||| BUYING scroll labelled FOVANO KOARGH (19 gold).
  1576 | D:2      | Bought a scroll labelled FOVANO KOARGH for 19 gold pieces
  1591 | D:2      | Found Qiciz's Weapon Boutique.
  1604 | D:2      | 1604 ||| SHOPLISTING +0 flail (35 gold, have 29).
  1677 | D:2      | 1677 ||| SWAPPING to +0 war axe of freezing.
  1678 | D:2      | 1678 ||| DROPPING +1 hand axe.
  1907 | D:2      | Found Tozakam's Jewellery Emporium.
  1917 | D:2      | 1917 ||| SHOPLISTING +4 ring of protection (432 gold, have
                  | 51).
  1917 | D:2      | 1917 ||| SHOPLISTING +6 ring of strength (432 gold, have
                  | 51).
  1917 | D:2      | 1917 ||| SHOPLISTING amulet of reflection (360 gold, have
                  | 51).
  1917 | D:2      | 1917 ||| SHOPLISTING ring of protection from fire (300
                  | gold, have 51).
  2043 | D:2      | 2043 ||| UPGRADING to +0 pair of gloves.
  2048 | D:2      | 2048 ||| READING scroll labelled NEEN XILIT.
  2049 | D:2      | 2049 ||| READING 2 scrolls labelled FOVANO KOARGH.
  2050 | D:2      | 2050 ||| READING scroll labelled RUETUTSAINT.
  2051 | D:2      | 2051 ||| READING 2 scrolls labelled CEOPPI BITUDGH.
  2166 | D:2      | 2166 ||| READING 2 scrolls labelled BON CEAKOP.
  2166 | D:2      | Identified 2 scrolls of acquirement
  2166 | D:2      | 2166 ||| ACQUIRING +0 cloak of willpower
  2166 | D:2      | Acquired a +0 cloak of willpower
  2168 | D:2      | 2168 ||| UPGRADING to +0 cloak of willpower.
  2173 | D:2      | 2173 ||| READING scroll of acquirement.
  2173 | D:2      | 2173 ||| ACQUIRING +1 cloak "Folleo" {Drain MP+9 Dex+4
                  | Slay+3}
  2173 | D:2      | Acquired the +1 cloak "Folleo" {Drain MP+9 Dex+4 Slay+3}
  2175 | D:2      | 2175 ||| UPGRADING to +1 cloak "Folleo" {Drain MP+9 Dex+4
                  | Slay+3}.
  2185 | D:2      | 2185 ||| DROPPING +0 cloak of willpower.
  2245 | D:2      | 2245 ||| DROPPING scroll of poison.
  2246 | D:2      | 2246 ||| DROPPING scroll of torment.
  2269 | D:3      | Reached XP level 4. HP: 26/26 MP: 8/8
  2377 | D:3      | Noticed Sigmund
  2386 | D:3      | HP: 5/26 [poisoned by Sigmund]
  2387 | D:3      | Killed Sigmund
  2387 | D:3      | HP: 1/26 [poisoned by Sigmund]
  2388 | D:3      | Reached skill level 6 in Axes
  2388 | D:3      | Gained mutation: Your magical nature lets you fly swiftly
                  | and evasively. [Tengu growth]
  2388 | D:3      | Reached XP level 5. HP: 2/30 MP: 9/9
  2388 | D:3      | Succumbed to Sigmund's poison

Levels and vault maps discovered:
D:1:      saegor_arrival_simple_c, layout_basic,
          hellmonk_ecumenical_altar_leap_of_faith, minmay_indecisive_spiral
D:2:      layout_loops_cross, serial_shops, shop, shop_statue, shop, shop
D:3:      layout_loops_ring, nicolae_sif_muna_little_library, uniq_natasha,
          uniq_sigmund

Skill      XL: |  1  2  3  4 |
---------------+-------------+-----
Axes           | 3 4 6 |  6.4
Fighting       | |  2.0
Throwing       | |  1.0
Armour         | |  1.1
Dodging        | |  2.1
Spellcasting   | |  2.0
Translocations | |  2.4

Action                   |  1- 3 |  4- 6 || total
-------------------------+-------+-------++-------
Melee: Hand axe          |    55 |       ||    55
       Kick              |    17 |     1 ||    18
       Peck              |     7 |       ||     7
       Punch             |     1 |     1 ||     2
       War axe           |     8 |     3 ||    11
Throw: Javelin           |    38 |     1 ||    39
  Use: Scroll            |    10 |       ||    10
Armor: Leather armour    |    11 |       ||    11
       Ring mail         |     4 |       ||     4
Dodge: Dodged            |    34 |     3 ||    37

Table legend:
 A = Non-vault XP
 B = Vault XP
 C = Vault XP percentage of total XP
 D = Non-vault monster count
 E = Vault monster count
 F = Vault count percentage of total count
                 A         B        C        D         E       F
            +---------+---------+-------+---------+---------+-------
      Total |      73 |     223 |  75.3 |      39 |       5 |  11.4
            +---------+---------+-------+---------+---------+-------
        D:1 |      32 |       9 |  22.0 |      17 |       4 |  19.0
        D:2 |      39 |       0 |   0.0 |      21 |       0 |   0.0
        D:3 |       2 |     214 |  99.1 |       1 |       1 |  50.0
            +---------+---------+-------+---------+---------+-------
